 Dungeon Crawl Stone Soup version 0.31-a0-1227-g0136665373 (webtiles) character file.

Game seed: 14527884567938872440

15831 ragingrage the Zephyrmancer (level 12, -1/91 HPs)
             Began as a Human Wanderer on Dec 15, 2023.
             Was an Elder of Vehumet.
             Slain by a spectral fire crab (4 damage)
             ... in a Gauntlet.
             The game lasted 00:20:33 (14692 turns).

ragingrage the Zephyrmancer (Human Wanderer)       Turns: 14692, Time: 00:20:34

Health: -1/91      AC: 12    Str: 15    XL:     12   Next: 62%
Magic:  18/27      EV: 14    Int: 24    God:    Vehumet [****..]
Gold:   542        SH:  5    Dex: 16    Spells: 1/19 levels left

rFire   . . .        a - +2 short sword (venom)
rCold   + . .        c - +0 buckler
rNeg    + + .        T - +0 steam dragon scales
rPois   .            R - +1 helmet of Tulips {rN+ Int+3}
rElec   .            f - +0 cloak
rCorr   .            B - +2 pair of gloves {Str+3}
SInv    .            (no boots)
Will    .....        (no amulet)
Stlth   ++           g - ring of magical power
HPRegen 0.35/turn    n - ring of Biptunlo {*Corrode rC+ rN+ Dex+6 Slay+3}
MPRegen 0.20/turn

%: no teleportation, corrode self (3%)
@: slowed, very slow
A: no striking features
a: Renounce Religion


You were in a Gauntlet.
You worshipped Vehumet.
Vehumet was greatly pleased with you.
You visited 3 branches of the dungeon, and saw 13 of its levels.
You also visited: Sewer, Ossuary and Gauntlet.

You collected 542 gold pieces.

Inventory:

Hand Weapons
 a - a +2 short sword of venom (weapon)
 N - a +2 scimitar of electrocution
Missiles
 D - a throwing net
Armour
 c - a +0 buckler (worn)
 f - a +0 cloak (worn)
 B - a +2 pair of gloves of strength (worn)
 L - a +1 robe of cold resistance
 R - the +1 helmet of Tulips (worn) {rN+ Int+3}
   (You found it on level 2 of the Lair of Beasts)

   Int+3:     It affects your intelligence (+3).
   rN+:       It protects you from negative energy.
 T - +0 steam dragon scales (worn)
Jewellery
 g - a ring of magical power (left hand)
 n - the ring of Biptunlo (right hand) {*Corrode rC+ rN+ Dex+6 Slay+3}
   (You acquired it on level 10 of the Dungeon)

   [ring of dexterity]

   Dex+6:     It affects your dexterity (+6).
   Slay+3:    It affects your accuracy & damage with ranged weapons and melee
   (+3).
   rC+:       It protects you from cold.
   rN+:       It protects you from negative energy.
   *Corrode:  It may corrode you when you take damage.
 o - a ring of flight
 G - a +6 ring of intelligence
 J - a ring of willpower
Wands
 e - a wand of mindburst (12)
 E - a wand of roots (1)
 F - a wand of paralysis (5)
 I - a wand of flame (14)
Scrolls
 h - a scroll of vulnerability
 p - 3 scrolls of enchant weapon
 t - a scroll of amnesia
 v - 4 scrolls of noise
 w - a scroll of immolation {unknown}
 x - 2 scrolls of fear {unknown}
 y - 3 scrolls of blinking {unknown}
 z - 2 scrolls of fog {unknown}
 A - 2 scrolls of summoning {unknown}
 C - 2 scrolls of teleportation {unknown}
 H - 2 scrolls of enchant armour {unknown}
 O - 2 scrolls of torment {unknown}
 Q - 2 scrolls of revelation {unknown}
Potions
 b - a potion of attraction
 d - 3 potions of curing
 i - 5 potions of mutation
 j - 4 potions of might {unknown}
 k - 6 potions of enlightenment
 l - a potion of heal wounds {unknown}
 q - a potion of lignification
 r - 3 potions of degeneration {unknown}
 s - 2 potions of invisibility {unknown}
 u - a potion of haste {unknown}
 K - a potion of berserk rage {unknown}
 M - a potion of resistance {unknown}
 P - a potion of ambrosia {unknown}


   Skills:
 - Level 7.0 Fighting
 - Level 4.0 Armour
 - Level 5.0 Dodging
 - Level 2.0 Stealth
 - Level 4.0 Shields
 - Level 4.0 Spellcasting
 - Level 5.0 Conjurations
 - Level 1.0 Summonings
 - Level 2.6 Translocations
 + Level 4.2 Transmutations
 + Level 6.7 Fire Magic
 - Level 4.0 Ice Magic
 - Level 9.8 Air Magic
 - Level 9.0 Poison Magic


You had one spell level left.
You knew the following spells:

 Your Spells              Type           Power      Damage    Failure   Level
a - Poisonous Vapours     Pois/Air       98%        N/A       1%          2
b - Sticky Flame          Conj/Fire      32%        2d5       3%          4
d - Volatile Blastmotes   Fire/Tloc      54%        2d14      1%          3
e - Freezing Cloud        Conj/Ice/Air   17%        6-21      7%          5
f - Ignite Poison         Fire/Tmut/Pois 36%        N/A       1%          3
x - Foxfire               Conj/Fire      100%       2x1d9     1%          1

Your spell library contained the following spells:

 Spells                   Type           Power      Damage    Failure   Level
 Olgreb's Toxic Radiance  Pois           48%        N/A       1%          4
 Summon Small Mammal      Summ           36%        N/A       9%          1
 Static Discharge         Conj/Air       80%        3-7/arc   1%          2
 Frozen Ramparts          Ice            48%        1d8       1%          3
 Mephitic Cloud           Conj/Pois/Air  42%        N/A       1%          3
 Airstrike                Air            25%        2d(4-20)  1%          4
 Inner Flame              Hex/Fire       20%        N/A       2%          3
 Dazzling Flash           Conj/Hex       32%        N/A       3%          3
 Iskenderun's Mystic Bla  Conj/Tloc      23%        2d6       7%          4
 Fulminant Prism          Conj/Hex       8%         3d7       12%         4
 Summon Lightning Spire   Summ/Air       30%        N/A       14%         4
 Summon Guardian Golem    Hex/Summ       7%         N/A       30%         3
 Silence                  Hex/Air        14%        N/A       43%         5
 Petrify                  Tmut/Erth      15%        N/A       45%         4
 Metabolic Englaciation   Hex/Ice        7%         N/A       83%         5
 Agony                    Necr           4%         N/A       98%         5
 Malign Gateway           Summ/Tloc      6%         N/A       100%        7
 Summon Horrible Things   Summ           4%         N/A       100%        8


Dungeon Overview and Level Annotations

Branches:
Dungeon (10/15)            Temple (1/1) D:5            Lair (2/5) D:10
  Sewer (visited)         Ossuary (visited)         Gauntlet (1/1)
  Swamp: Lair:2-3    Shoals: Lair:2-3     Snake: Lair:2-3    Spider: Lair:2-3
    Orc: D:9-12

Altars:
Ashenzari
Cheibriados
Dithmenos
Elyvilon
Fedhas
Gozag
Hepliaklqana
Kikubaaqudgha
Makhleb
Nemelex Xobeh
Okawaru
Qazlal
Ru
Sif Muna
Trog
Uskayaw
Vehumet
Wu Jian
Xom
Yredelemnul
Zin
The Shining One

Shops:
D:6 (

Annotations:
D:7 3 runed translucent doors, kaesle's ghost, novice HOFi
D:9 2 transporters, exclusion: downstairs, ranchalot's ghost, novice OpSh Gauntlet 11 transporters, 3 runed translucent doors


Message History

The spectral fire crab is engulfed in freezing vapours.
Unknown command.
The death scarab attacks as it pursues you!
The death scarab misses you. The death scarab bites you!!
The death scarab draws strength from your injuries!
The spectral fire crab is engulfed in freezing vapours.
Unknown command.
Casting: Freezing Cloud (dangerous; 7% risk of failure)
Aiming: Freezing Cloud (dangerous; 7% risk of failure)
Press: ? - help, Dir - move target, f - death scarab
Aim: a death scarab (moderately damaged) That beam is likely to hit you.
Continue anyway?
You are engulfed in freezing vapours.
You resist.
The death scarab is engulfed in freezing vapours.
The death scarab misses you.
The death scarab is engulfed in freezing vapours.
The death scarab bites you but does no damage.
The death scarab is engulfed in freezing vapours.
The death scarab completely misses you.
The death scarab is engulfed in freezing vapours.
The spectral fire crab is engulfed in freezing vapours.
The spectral fire crab misses you.
The spectral fire crab claws you but does no damage.
The death scarab is engulfed in freezing vapours.
Okay, then.
Okay, then.
You are engulfed in freezing vapours.
You resist.
* * * LOW HITPOINT WARNING * * *
The death scarab is engulfed in freezing vapours.
The death scarab attacks as it pursues you!
The death scarab bites you!!
* * * LOW HITPOINT WARNING * * *
The death scarab drains your vigour!
You feel as though you will be slow longer.
The death scarab draws strength from your injuries!
The death scarab barely misses you.
The spectral fire crab is engulfed in freezing vapours.
The spectral fire crab attacks as it pursues you!
The spectral fire crab bites you.
You die...

##..#...###...#.....#©#...
#≈..#.#.#...#.#.....#©#...
##§.#....44.3.#..#########
#§..###########..#..#©#([#
##§.....#©#......#..#.#..#
#≈......#©#......#..+++###
##..###########..#..#....#
#§..#.○§.©§[..#..#hh#.##.#
##..#.#§#@#.#.#..#yh#.##.#
#≈..#..#Z#B#..#..#hh#©...#
##..#.#☼#§#.#.#..#########
#≈..#..#.§§#..#......©....
##..#.#.#§#§#.#.∩..§......
#≈..#..#.#☼#§.#..≈#≈#≈#≈#≈
##..#.#.#.#.#.#..#########
#≈..#.........#..≈#
##..###########..##


You could see a spectral fire crab, a neqoxec, a death scarab and 2 chaos spawn.

Vanquished Creatures
  Fannar (D:10)
  3 death yaks (D:10)
  A skyshark (Lair:2)
  3 black mambas (Lair:2)
  Maggie (D:8)
  3 cane toads (Lair:2)
  An unseen horror (D:10)
  A komodo dragon (Lair:2)
  2 polar bears (Lair:2)
  2 trolls (D:10)
  Grinder (D:3)
  27 yaks
  2 basilisks
  Edmund (D:6)
  An acid dragon (D:9)
  A water moccasin (Lair:2)
  2 ice beasts
  2 black bears
  A crocodile (Sewer)
  2 orc warriors (D:9)
  3 ogres
  7 centaurs
  3 kobold brigands
  12 bullfrogs
  An elf zombie (Ossuary)
  2 scorpions
  7 wights
  5 spriggan skeletons (D:10)
  7 electric eels
  3 howler monkeys (D:7)
  A troll skeleton (D:10)
  3 human zombies (Ossuary)
  4 centaur zombies (Ossuary)
  3 orc priests
  6 hounds
  A sleepcap (D:7)
  3 iguanas
  5 orc wizards
  Natasha (thrice) (D:3)
  A hell rat (D:10)
  2 mummies (Ossuary)
  8 gnolls
  13 adders
  3 shadow imps
  3 white imps
  An ufetubus (D:6)
  An adder zombie (Ossuary)
  3 worms
  3 dart slugs
  20 orcs
  5 ball pythons
  5 endoplasms
  6 giant cockroaches
  10 goblins
  12 hobgoblins
  8 jackals
  5 quokkas
  3 bats
  4 frilled lizards
  A goblin zombie (Ossuary)
  9 hobgoblin zombies (Ossuary)
  A jackal zombie (Ossuary)
  20 kobolds
  8 kobold zombies (Ossuary)
  8 orc zombies (Ossuary)
  6 rats
  A rat zombie (Ossuary)
307 creatures vanquished.

Vanquished Creatures (collateral kills)
  10 foxfires
10 creatures vanquished.

Vanquished Creatures (others)
  1038 foxfires
1038 creatures vanquished.

Grand Total: 1355 creatures vanquished

Notes
Turn   | Place    | Note
-------+----------+-------------------------------------------
     0 | D:1      | ragingrage the Human Wanderer began the quest for the Orb.
     0 | D:1      | ragingrage set off with the following items: a +0 club, a
                  | potion of attraction, a +0 ring mail; and the following
                  | spells available to memorise: Foxfire, Summon Small Mammal,
                  | Inner Flame, Summon Guardian Golem, Sticky Flame.
     0 | D:1      | Reached XP level 1. HP: 13/13 MP: 3/3
     2 | D:1      | Learned a level 1 spell: Foxfire
   487 | D:1      | Reached XP level 2. HP: 19/19 MP: 5/5
  1064 | D:2      | Reached XP level 3. HP: 24/24 MP: 6/6
  1485 | D:2      | Reached XP level 4. HP: 30/30 MP: 7/7
  1756 | D:2      | Learned a level 4 spell: Sticky Flame
  2253 | D:2      | Found a faded altar of an unknown god.
  2624 | D:3      | Noticed Natasha
  2644 | D:3      | Killed Natasha
  2645 | D:3      | Reached skill level 1 in Conjurations
  2645 | D:3      | Reached XP level 5. HP: 31/35 MP: 8/8
  2649 | D:3      | Noticed Natasha
  2654 | D:3      | Killed Natasha
  2946 | D:3      | Noticed an ogre
  2952 | D:3      | Killed an ogre
  2953 | D:3      | Reached XP level 6. HP: 41/41 MP: 9/9
  3354 | D:3      | Found a sparkling altar of Nemelex Xobeh.
  3430 | D:3      | Noticed Natasha
  3435 | D:3      | Killed Natasha
  3893 | D:3      | Noticed Grinder
  3903 | D:3      | Killed Grinder
  3904 | D:3      | Reached skill level 5 in Conjurations
  3904 | D:3      | Reached skill level 1 in Fighting
  3904 | D:3      | Reached XP level 7. HP: 43/49 MP: 10/10
  4100 | D:4      | Found a shadowy altar of Dithmenos.
  4405 | D:4      | Learned a level 4 spell: Airstrike
  4834 | D:4      | Found a sacrificial altar of Ru.
  5116 | D:5      | Entered Level 5 of the Dungeon
  5174 | D:5      | Reached XP level 8. HP: 50/58 MP: 12/12
  5270 | D:5      | Found a sand-covered staircase.
  5415 | Ossuary  | Entered an ossuary
  5989 | Ossuary  | Reached skill level 5 in Air Magic
  6217 | D:5      | Found an ancient bone altar of Kikubaaqudgha.
  6249 | D:5      | Found a staircase to the Ecumenical Temple.
  6258 | Temple   | Entered the Ecumenical Temple
  6265 | Temple   | Became a worshipper of Vehumet
  6324 | D:5      | Noticed a yak
  6332 | D:5      | Killed a yak
  6333 | D:5      | Reached XP level 9. HP: 63/63 MP: 13/13
  7304 | D:6      | Reached skill level 1 in Dodging
  7384 | D:6      | Noticed Edmund
  7397 | D:6      | Killed Edmund
  7402 | D:6      | Found a snail-covered altar of Cheibriados.
  7464 | D:6      | Found an iron altar of Okawaru.
  7552 | D:6      | Reached * piety under Vehumet
  7552 | D:6      | Offered knowledge of Sandblast by Vehumet.
  7584 | D:6      | Found a bloodstained altar of Trog.
  7604 | D:6      | Found a glowing drain.
  7642 | Sewer    | Entered a sewer
  7857 | D:6      | Found a shimmering blue altar of Sif Muna.
  8156 | D:6      | Found Xyileru's Hydra Hut.
  8166 | D:6      | Noticed a seven-headed hydra
  8751 | D:7      | Noticed kaesle's ghost (novice HOFi)
  8762 | D:7      | Reached XP level 10. HP: 59/73 MP: 16/16
  8808 | D:7      | Found a runed translucent gate.
  8808 | D:7      | Found a runed translucent gate.
  8810 | D:7      | Found a runed translucent gate.
  9345 | D:7      | Offered knowledge of Scorch by Vehumet.
  9356 | D:7      | Reached skill level 5 in Fighting
  9675 | D:8      | Reached ** piety under Vehumet
 10209 | D:9      | Found a transporter.
 10220 | D:9      | Found a transporter.
 10231 | D:9      | Noticed ranchalot's ghost (novice OpSh)
 10233 | D:9      | Noticed a moth of wrath
 10244 | D:9      | Noticed an ice dragon
 10399 | D:9      | Found a glowing silver altar of Zin.
 10495 | D:8      | Identified the +4 spear of the Nine Defenders {antimagic,
                  | Str+2 Int+3 Stlth+}
 10534 | D:8      | Noticed Maggie
 10548 | D:8      | Killed Maggie
 10706 | D:9      | Reached skill level 5 in Dodging
 11111 | D:9      | Offered knowledge of Volatile Blastmotes by Vehumet.
 11124 | D:9      | Learned a level 3 spell: Volatile Blastmotes
 11341 | D:10     | Entered Level 10 of the Dungeon
 11353 | D:10     | Found a blossoming altar of Fedhas.
 11464 | D:10     | Reached skill level 1 in Shields
 11464 | D:10     | Reached skill level 1 in Translocations
 11535 | D:10     | Noticed a death yak
 11749 | D:10     | Identified 2 scrolls of acquirement
 11755 | D:10     | Acquired a book of Vapours
 11757 | D:10     | Acquired the ring of Biptunlo {*Corrode rC+ rN+ Dex+6
                  | Slay+3}
 11875 | D:10     | Reached XP level 11. HP: 19/83 MP: 15/17
 11877 | D:10     | Reached *** piety under Vehumet
 12079 | D:10     | Learned a level 5 spell: Freezing Cloud
 12112 | D:10     | Found a hide-covered altar of Uskayaw.
 12196 | D:10     | Reached skill level 1 in Ice Magic
 12238 | D:10     | Killed a death yak
 12714 | D:10     | Offered knowledge of Ignite Poison by Vehumet.
 12725 | D:10     | Learned a level 3 spell: Ignite Poison
 12758 | D:10     | Noticed Fannar
 13137 | D:10     | Found a staircase to the Lair.
 13143 | D:10     | Noticed a death yak
 13144 | D:10     | Noticed a death yak
 13166 | D:10     | Killed a death yak
 13167 | D:10     | Reached skill level 1 in Transmutations
 13167 | D:10     | Reached skill level 1 in Poison Magic
 13311 | D:10     | Killed a death yak
 13387 | D:10     | Learned a level 2 spell: Poisonous Vapours
 13394 | D:10     | Killed Fannar
 13425 | D:10     | Reached XP level 12. HP: 91/91 MP: 12/18
 13873 | Lair:1   | Entered Level 1 of the Lair of Beasts
 13878 | Lair:1   | Reached skill level 5 in Poison Magic
 13903 | Lair:1   | You fall into a shaft and drop 1 floor!
 14036 | Lair:2   | Reached **** piety under Vehumet
 14078 | Lair:2   | Identified the +1 helmet of Tulips {rN+ Int+3}
 14098 | Lair:2   | Noticed a skyshark
 14105 | Lair:2   | Killed a skyshark
 14249 | Lair:2   | Offered knowledge of Olgreb's Toxic Radiance by Vehumet.
 14339 | Lair:2   | Found a gate leading to a gauntlet.
 14352 | Gauntlet | Entered a Gauntlet
 14352 | Gauntlet | Found a transporter.
 14352 | Gauntlet | Found a transporter.
 14352 | Gauntlet | Found a transporter.
 14352 | Gauntlet | Found a runed translucent gate.
 14352 | Gauntlet | Found a runed translucent gate.
 14352 | Gauntlet | Found a runed translucent gate.
 14353 | Gauntlet | Noticed a death scarab
 14464 | Gauntlet | Found a transporter.
 14465 | Gauntlet | Found a transporter.
 14468 | Gauntlet | Found a transporter.
 14474 | Gauntlet | Found a transporter.
 14476 | Gauntlet | Found a transporter.
 14477 | Gauntlet | Found a transporter.
 14479 | Gauntlet | Found a transporter.
 14484 | Gauntlet | Noticed a balrug
 14487 | Gauntlet | Found a transporter.
 14488 | Gauntlet | Found a transporter.
 14692 | Gauntlet | HP: 3/91 [death scarab (24)]
 14692 | Gauntlet | Slain by a spectral fire crab

Illustrated notes

Levels and vault maps discovered:
D:1:      dpeg_arrival_tiny_a, layout_loops_cross, minmay_three_crescents
D:2:      layout_loops_corners, hellmonk_ecumenical_altar_leap_of_faith
D:3:      minmay_skewed_foursquare, layout_basic, mainiacjoe_overflow_paths,
          minmay_pentangle, uniq_grinder, uniq_natasha
D:4:      layout_loops_ring, marbit_many_paths, lemuel_crystal_altar
D:5:      cheibrodos_two_vegetables, layout_rooms, amcnicky_altar_gilded,
          minmay_temple_entry_overgrown, enter_ossuary_3, corexii_shack
D:6:      layout_rooms, mainiacjoe_overflow_catch_the_wave, trog_book,
          okawaru_trees_2, serial_demonic, serial_demonic_g, serial_demonic_b,
          serial_demonic_b, serial_demonic_d, portal_sewer_entry_d,
          nrook_mini_backslash, doesnt_shop_hydraphobe, uniq_edmund
D:7:      layout_loops_ring, gammafunk_ghost_split
D:8:      layout_basic, uniq_maggie
D:9:      layout_roguey, mainiacjoe_overflow_boulevard,
          gammafunk_ghost_berserking_beasts
D:10:     layout_stronghold, fedhas_bush_and_centaur_altar,
          mainiacjoe_overflow_24_doors, dpeg_lair_monsters, serial_column_ruins,
          column_ruins_hut_water, column_ruins_circle_medium,
          column_ruins_open_small, column_ruins_open_small, column_ruins_grid_3,
          column_ruins_grid_3, column_ruins_open_tiny,
          column_ruins_columns_straight, column_ruins_columns_corner,
          hangedman_tell_no_tales, uniq_fannar
Temple:   nicolae_temple_ecumenical_triangle
Lair:1:   layout_roguey, nzn_random_ring, infiniplex_staircase_pool, uniq_joseph
Lair:2:   layout_gridlike, mainiacjoe_swamp_entry_lozenge_pond,
          minmay_snake_entry_guardpost_medium, gauntlet_entry_generic,
          serial_bayou_pond_e, lemuel_fruit_tree, serial_bayou_shore_b
Gauntlet: minmay_gauntlet_mixed_big_or_small [gammafunk_gauntlet_arena_grid,
          minmay_gauntlet_arena_77_run_for_it, nicolae_gauntlet_arena_grate_2,
          minmay_gauntlet_arena_77_hold_the_fort,
          gammafunk_gauntlet_arena_crates, minmay_gauntlet_arena_77_mess,
          nicolae_gauntlet_exit_dead_adventurers]

Skill      XL: |  1  2  3  4  5  6  7  8  9 10 11 12 |
---------------+-------------------------------------+-----
Fire Magic     | 6 |  6.7
Conjurations   | 1 4 5 |  5.0
Fighting       | 1 3 4 6 7 |  7.0
Stealth        | 2 |  2.0
Spellcasting   | 3 4 |  4.0
Air Magic      | 6 8 9 |  9.8
Dodging        | 3 5 |  5.0
Armour         | 4 |  4.0
Shields        | 2 4 |  4.0
Translocations | 2 |  2.6
Ice Magic      | 4 |  4.0
Transmutations | 4 |  4.2
Poison Magic   | 4 9 |  9.0
Summonings     | |  1.0

Action                     |  1- 3 |  4- 6 |  7- 9 | 10-12 || total
---------------------------+-------+-------+-------+-------++-------
  Melee: Club              |     2 |       |       |       ||     2
         Flail             |       |    17 |    13 |       ||    30
         Short sword       |       |       |   164 |   169 ||   333
         Punch             |       |       |     6 |       ||     6
   Cast: Foxfire           |    74 |   139 |   266 |   155 ||   634
         Sticky Flame      |       |     1 |    18 |    37 ||    56
         Freezing Cloud    |       |       |       |    24 ||    24
         Poisonous Vapours |       |       |       |    22 ||    22
         Ignite Poison     |       |       |       |    13 ||    13
  Evoke: Wand              |       |       |     8 |     2 ||    10
    Use: Scroll            |       |       |     6 |     6 ||    12
         Potion            |       |       |       |     2 ||     2
   Stab: Sleeping          |       |       |       |     2 ||     2
 Armour: Ring mail         |     9 |    45 |   227 |    37 ||   318
         Steam dragon scal |       |       |       |   134 ||   134
  Dodge: Dodged            |    11 |    25 |   119 |   108 ||   263
  Block: Buckler           |       |       |       |    18 ||    18

Table legend: (Time is in decaauts)
 A = Elapsed time spent in this place.
 B = Non-inter-level travel time spent in this place.
 C = Inter-level travel time spent in this place.
 D = Time resting spent in this place.
 E = Time spent auto-exploring this place.
 F = Levels seen in this place.
 G = Mean time per level.
                   A        B        C        D        E       F      G
               +--------+--------+--------+--------+--------+-----+--------+
         Total |  14719 |  14333 |    386 |   2802 |   8707 |  16 |  919.9 |
       Dungeon |  12930 |  12558 |    372 |   2226 |   8212 |  10 | 1293.0 |
        Temple |     14 |      1 |     13 |      0 |      0 |   1 |   14.0 |
          Lair |    481 |    481 |      0 |    176 |      7 |   2 |  240.5 |
         Sewer |    163 |    163 |      0 |     17 |    104 |   1 |  163.0 |
       Ossuary |    788 |    788 |      0 |    272 |    252 |   1 |  788.0 |
      Gauntlet |    341 |    341 |      0 |    111 |    132 |   1 |  341.0 |
               +--------+--------+--------+--------+--------+-----+--------+

Top non-repeatable levels by time:
    D:10: 2503 daAuts
     D:3: 1579 daAuts
     D:7: 1442 daAuts
     D:2: 1377 daAuts
     D:5: 1323 daAuts
     D:4: 1117 daAuts
     D:1: 1060 daAuts
     D:9: 1030 daAuts
     D:6: 820 daAuts
 Ossuary: 788 daAuts
     D:8: 674 daAuts
  Lair:2: 452 daAuts
Gauntlet: 341 daAuts
   Sewer: 163 daAuts
  Lair:1: 29 daAuts
